 Dungeon Crawl Stone Soup version 0.27-a0-978-g2aa4ecdaef (webtiles) character file.

Game seed: 15296495386431150028

44 porpoise the Skirmisher (level 3, 0/36 HPs)
             Began as a Deep Dwarf Fighter on Apr 14, 2021.
             Slain by Sigmund
             ... wielding a +0 scythe
              (4 damage)
             ... on level 2 of the Dungeon.
             The game lasted 00:03:15 (1201 turns).

porpoise the Skirmisher (Deep Dwarf Fighter)        Turns: 1201, Time: 00:03:16

Health: 0/36       AC:  6    Str: 19    XL:     3   Next: 41%
Magic:  3/3        EV:  7    Int:  9    God:
Gold:   55         SH:  9    Dex: 12    Spells: 2/2 levels left

rFire    . . .     SeeInvis .   a - +0 war axe
rCold    . . .     Faith    .   c - +0 kite shield
rNeg     . . .     Spirit   .   b - +0 scale mail
rPois    .         Reflect  .   (no helmet)
rElec    .         Harm     .   (no cloak)
rCorr    .         Rampage  .   (no gloves)
Will     .....                  (no boots)
Stlth    ..........             (no amulet)
HPRegen  0.00/turn              (no ring)
MPRegen  0.08/turn              (no ring)

@: non-regenerating
A: damage resistance, heal wounds, sense surroundings 1, no regeneration
a: Heal Wounds


You were on level 2 of the Dungeon.
You visited 1 branch of the dungeon, and saw 2 of its levels.

You collected 55 gold pieces.

Inventory:

Hand Weapons
 a - a +0 war axe (weapon)
Missiles
 g - 73 stones
Armour
 b - a +0 scale mail (worn)
 c - a +0 kite shield (worn)
Scrolls
 e - a scroll of identify {unknown}
Potions
 d - a potion of might
 f - 2 potions of curing {unknown}
 h - a potion of heal wounds {unknown}


   Skills:
 * Level 3.7 Fighting
 + Level 2.8 Axes
 - Level 3.2 Armour
 + Level 0.3 Dodging
 - Level 3.2 Shields


You had 2 spell levels left.
You didn't know any spells.
Your spell library was empty.

Dungeon Overview and Level Annotations

Branches:
Dungeon (2/15)

Altars:

Annotations:
D:2 Sigmund


Innate Abilities, Weirdness & Mutations

You are resistant to damage.
You can heal yourself by infusing magical energy.
You passively map a small area around you.
You do not regenerate.


Message History

* * * LOW HITPOINT WARNING * * *
The endoplasm hits you but does no damage.
You are too injured to fight recklessly!
Unknown command.
Found a hand axe.
You aren't carrying any items that you can evoke.
Unknown command.
You feel much better. The hobgoblin completely misses you.
You closely miss the hobgoblin. The hobgoblin barely misses you.
The hobgoblin hits you but does no damage.
You hit the hobgoblin.
The hobgoblin is moderately wounded.
You block the hobgoblin's attack.
You hit the hobgoblin.
You kill the hobgoblin!
The endoplasm freezes you.
You are frozen.
You hit the endoplasm.
The endoplasm is lightly wounded.
Something hits you. You block the endoplasm's attack.
Something hits you but does no damage.
You hit the endoplasm.
You kill the endoplasm!
Something hits you.
You hear some strange, mumbled words.
A puff of flame appears from out of thin air!
The puff of flame hits you.
You hear some strange, mumbled words.
A puff of flame appears from out of thin air!
The puff of flame hits you.
You see here a hobgoblin corpse.
You closely miss something. You block something's attack.
You barely miss something. Something hits you. Something hits you!
* * * LOW HITPOINT WARNING * * *
You aren't carrying any items that you can evoke.
You hit something. Something hits you.
* * * LOW HITPOINT WARNING * * *
Okay, then.
You fail to use your ability.
Something hits you!
You die...

...###### *
####.........
.............#
..#..#####..# *
....#PP.#..... ** , *
#...#..P#..... **
#...#.P.#..... ,
#)#.######..#####.....
#.......@{............
###.######............ *
###.....#.... ###.....#
* * #######.†...#... * ,
* #.......#.)## * ,* ,*
####.###......#, * #
**####........####...# ,
#.###.......)...####.###


There were no monsters in sight!

Vanquished Creatures
  2 worms (D:2)
  3 dart slugs
  4 bats (D:1)
  2 endoplasms
  4 goblins
  A hobgoblin (D:2)
  7 jackals
  4 kobolds
  A ball python (D:2)
  2 frilled lizards (D:1)
  2 rats (D:2)
32 creatures vanquished.

Notes
Turn   | Place    | Note
-------+----------+-------------------------------------------
     0 | D:1      | porpoise the Deep Dwarf Fighter began the quest for the
                  | Orb.
     0 | D:1      | Reached XP level 1. HP: 20/20 MP: 1/1
   250 | D:1      | Reached XP level 2. HP: 19/28 MP: 2/2
  1110 | D:2      | Reached XP level 3. HP: 21/34 MP: 3/3
  1181 | D:2      | Noticed Sigmund
  1201 | D:2      | Slain by Sigmund

Illustrated notes

Levels and vault maps discovered:
D:1:      kilobyte_arrival_exit_the_forest, layout_basic, minmay_misc_feat_roman
D:2:      layout_rooms, serial_aquarium, aquarium_bridge_square
          [aquarium_subvault_window, aquarium_subvault_window,
          aquarium_subvault_bridge, aquarium_subvault_bridge],
          aquarium_window_fake, aquarium_window_1, aquarium_window_fake,
          aquarium_window_fake, aquarium_view_2f, aquarium_pool_2, serial_shops,
          shop_coins, uniq_natasha, uniq_terence, uniq_sigmund

Skill      XL: |  1 |
---------------+----+-----
Fighting       | 3 |  3.7
Axes           | |  2.8
Armour         | |  3.2
Dodging        | |  0.3
Shields        | |  3.2

Action                   || total
-------------------------++-------
Melee: War axe           ||    87
 Abil: Heal Wounds       ||     2
Armor: Scale mail        ||    38
Dodge: Dodged            ||    22
Block: Kite shield       ||    42

Table legend: (Time is in decaauts)
 A = Elapsed time spent in this place.
 B = Non-inter-level travel time spent in this place.
 C = Inter-level travel time spent in this place.
 D = Time resting spent in this place.
 E = Time spent auto-exploring this place.
 F = Levels seen in this place.
 G = Mean time per level.
                   A        B        C        D        E       F      G
               +--------+--------+--------+--------+--------+-----+--------+
         Total |   1261 |   1197 |     64 |    303 |    658 |   2 |  630.5 |
       Dungeon |   1261 |   1197 |     64 |    303 |    658 |   2 |  630.5 |
               +--------+--------+--------+--------+--------+-----+--------+

Top non-repeatable levels by time:
     D:1: 1115 daAuts
     D:2: 145 daAuts
